 Dungeon Crawl Stone Soup version 0.17-a0-1617-gfba1302 (webtiles) character file.

12807 urechis the Bludgeoner (level 11, -5/128 HPs)
             Began as an Ogre Gladiator on Aug 1, 2015.
             Was a Follower of Ru.
             Slain by a five-headed hydra (14 damage)
             ... on level 11 of the Dungeon.
             The game lasted 00:24:27 (9749 turns).

urechis the Bludgeoner (Ogre Gladiator)             Turns: 9749, Time: 00:24:28

Health: -5/128     AC: 11    Str: 25    XL:     11   Next: 99%
Magic:  11/11      EV:  9    Int:  7    God:    Ru [*.....]
Gold:   683        SH:  0    Dex: 10    Spells: 0 memorised, 10 levels left

rFire  . . .     SeeInvis .     a - +1 giant spiked club
rCold  . . .     Clarity  .     H - +0 troll leather armour
rNeg   . . .     SustAt   .     (no shield)
rPois  .         Gourm    .     v - +2 hat
rElec  .         Spirit   .     c - +1 cloak {MR+}
rCorr  .         Warding  .     (gloves unavailable)
rMut   .         Stasis   .     (boots unavailable)
MR     ++...                    p - amulet of regeneration
Stlth  +.........               f - +2 ring of slaying
                                h - +2 ring of protection

@: very resistant to hostile enchantments, very unstealthy
A: unfitting armour, tough skin 1, inability to train dodging, disrupted magic 1
a: Renounce Religion


You were on level 11 of the Dungeon.
You worshipped Ru.
Ru was aware of your devotion.
You were very hungry.

You visited 2 branches of the dungeon, and saw 12 of its levels.
You also visited: Sewer.

You collected 786 gold pieces.
You spent 103 gold pieces at shops.

Inventory:

Hand weapons
 a - a +1 giant spiked club (weapon)
 b - a +0 blowgun
Missiles
 d - 4 throwing nets
 i - 16 tomahawks (quivered)
 x - 14 poisoned needles
Armour
 c - a +1 cloak of magic resistance (worn)
 v - a +2 hat (worn)
 H - a +0 troll leather armour (worn)
Jewellery
 f - a +2 ring of slaying (right hand)
 h - a +2 ring of protection (left hand)
 p - an amulet of regeneration (around neck)
Magical devices
 G - a wand of digging (17)
Scrolls
 q - 2 scrolls of magic mapping
 s - a scroll of amnesia
 t - 2 scrolls of fear
 u - 3 scrolls of teleportation
 y - 2 scrolls of remove curse
Potions
 l - a potion of cancellation
 m - 2 potions of agility
 n - 3 potions of curing
 o - 2 potions of invisibility
 w - 2 potions of berserk rage
 z - a potion of cure mutation
 A - 3 potions of heal wounds
 D - 2 potions of brilliance
 E - 2 potions of degeneration {unknown}
Miscellaneous
 B - an ornate deck of wonders {drawn: 1}
Comestibles
 e - 9 bread rations
 j - 5 meat rations
 k - 4 beef jerkies
 F - 7 chunks of flesh


   Skills:
 + Level 13.8 Fighting
 * Level 18.6 Maces & Flails
 - Level 2.1 Throwing


You had 10 spell levels left.
You didn't know any spells.

Dungeon Overview and Level Annotations

Branches:
Dungeon (11/15)            Temple (1/1) D:4             Orc (0/4) D:9
   Lair: D:8-11

Altars:
Ashenzari
Cheibriados
Dithmenos
Elyvilon
Fedhas
Gozag
Kikubaaqudgha
Makhleb
Nemelex Xobeh
Okawaru
Ru
Sif Muna
Trog
Vehumet
Xom
Yredelemnul
Zin
The Shining One
Beogh

Shops:
D:5 *   D:9 [

Portals:
Trove: D:10 (give +3 storm dragon armour)

Annotations:
D:7 exclusion: ice statue


Innate Abilities, Weirdness & Mutations

You are too large for most types of armour.
You have tough skin (AC +1).
You cannot train Dodging skill.
Your casting is slightly disrupted.


Message History

The five-headed hydra bites you. The five-headed hydra bites you!
The five-headed hydra bites you.
You hit the five-headed hydra.
The five-headed hydra is severely wounded.
The five-headed hydra bites you!
* * * LOW HITPOINT WARNING * * *
The five-headed hydra bites you but does no damage.
The five-headed hydra bites you!
* * * LOW HITPOINT WARNING * * *
The five-headed hydra closely misses you.
The five-headed hydra bites you but does no damage.
You hit the five-headed hydra.
The five-headed hydra is severely wounded.
The five-headed hydra bites you.
* * * LOW HITPOINT WARNING * * *
The five-headed hydra bites you!
* * * LOW HITPOINT WARNING * * *
The five-headed hydra barely misses you.
The five-headed hydra bites you!
You die...

#######..####.#.†(.#####....###
###......##.#....D...D..†...#
###...####.(.....>W####....##...
##...#....).)†..#.#.## #..(.#####
#..##..####))####....###..#(.÷)##
..###.## #.†## ###.......####...
.####.##...## ##....#.## ####
.#....##.### ###...#...#
#..####.. #@D..##...# .z#.......
#.##.##..## ..#....... #.##.#...#
.##....... #.##.. ########..
..###.. ....#..... ### .. ......#
... z...### ....####


You could see a five-headed hydra.

Vanquished Creatures
  Gastronok (D:8)
  Erica (D:8)
  2 skeletal warriors (D:11)
  2 hill giants (D:11)
  An ugly thing (D:10)
  The ghost of volk64 the Sneak, an experienced OpWz of Vehumet (D:7)
  The ghost of thrall606 the Skirmisher, an experienced DsAK of Lugonu (D:6)
  A komodo dragon (D:11)
  2 trolls
  2 two-headed ogres
  Sigmund (D:2)
  A hippogriff (D:8)
  A yak (D:11)
  4 humans (D:7)
  2 hungry ghosts
  3 water moccasins
  Duvessa (D:5)
  2 ice beasts
  A sky beast (D:9)
  5 orc warriors
  2 phantoms
  6 ogres
  3 centaurs
  A crocodile (Sewer)
  Blork the orc (D:6)
  4 big kobolds
  6 giant frogs
  Dowan (D:5)
  11 killer bees (D:10)
  4 scorpions
  2 crimson imps
  11 orc wizards
  2 giant frog zombies
  A centaur zombie (D:8)
  4 hounds
  A jelly (D:6)
  8 orc priests
  2 iguanas
  8 worker ants
  3 worker ant zombies
  12 adders
  5 gnolls
  2 river rats (D:11)
  3 shadow imps
  2 oozes
  2 worms
  7 giant geckos
  37 orcs
  3 ball pythons
  15 bats
  13 hobgoblins
  10 jackals
  28 kobolds
  5 giant cockroaches
  A giant gecko skeleton (D:5)
  2 giant newts
  2 gnoll zombies (D:3)
  10 goblins
  A jackal skeleton (D:5)
  3 quokkas
  13 rats
292 creatures vanquished.

Vanquished Creatures (others)
  13 fungi (D:11)
  3 plants (D:11)
16 creatures vanquished.

Grand Total: 308 creatures vanquished

Notes
Turn   | Place    | Note
--------------------------------------------------------------
     0 | D:1      | urechis the Ogre Gladiator began the quest for the Orb.
     0 | D:1      | Reached XP level 1. HP: 22/22 MP: 1/1
    51 | D:1      | Reached XP level 2. HP: 6/29 MP: 2/2
    53 | D:1      | HP: 1/29 [kobold/dagger (1)]
   526 | D:1      | Reached skill level 5 in Maces & Flails
   753 | D:1      | Reached XP level 3. HP: 37/37 MP: 3/3
  1175 | D:2      | Noticed Sigmund
  1175 | D:2      | Reached XP level 4. HP: 27/48 MP: 4/4
  1492 | D:2      | Killed Sigmund
  1492 | D:2      | Reached skill level 7 in Maces & Flails
  1492 | D:2      | Reached XP level 5. HP: 25/55 MP: 5/5
  1766 | D:3      | Reached XP level 6. HP: 65/65 MP: 6/6
  1836 | D:3      | Reached skill level 5 in Fighting
  1851 | D:3      | Found a shadowy altar of Dithmenos.
  2001 | D:3      | Found a basalt altar of Yredelemnul.
  2022 | D:3      | Found a roughly hewn altar of Beogh.
  2034 | D:3      | Reached skill level 8 in Maces & Flails
  2035 | D:3      | HP: 1/66 [orc priest/divine providence (10)]
  2453 | D:4      | Found a staircase to the Ecumenical Temple.
  2513 | D:4      | Found an ancient bone altar of Kikubaaqudgha.
  2759 | D:4      | Reached XP level 7. HP: 46/74 MP: 7/7
  2855 | Temple   | Entered the Ecumenical Temple
  3355 | D:4      | Reached skill level 9 in Maces & Flails
  3473 | D:4      | Found a snail-covered altar of Cheibriados.
  3544 | D:5      | Entered Level 5 of the Dungeon
  3664 | D:5      | Found Kuzxeddu's Assorted Antiques.
  3774 | D:5      | Noticed Duvessa
  3793 | D:5      | Killed Duvessa
  3793 | D:5      | Reached skill level 10 in Maces & Flails
  3794 | D:5      | Noticed Dowan
  3802 | D:5      | Killed Dowan
  3802 | D:5      | Reached XP level 8. HP: 50/87 MP: 8/8
  3974 | D:5      | Found an iron altar of Okawaru.
  4107 | D:5      | Reached skill level 11 in Maces & Flails
  4345 | D:5      | Found a bloodstained altar of Trog.
  4370 | D:6      | Noticed thrall606's ghost (experienced DsAK)
  4375 | D:6      | Killed thrall606's ghost
  4375 | D:6      | Reached skill level 12 in Maces & Flails
  4382 | D:6      | Reached XP level 9. HP: 92/97 MP: 9/9
  4730 | D:6      | Found a sparkling altar of Nemelex Xobeh.
  4768 | D:6      | Reached skill level 13 in Maces & Flails
  4805 | D:6      | Found a glowing drain.
  4820 | Sewer    | Entered a sewer
  5051 | D:6      | Noticed Blork the orc
  5053 | D:6      | Killed Blork the orc
  5062 | D:6      | Found a deep blue altar of Sif Muna.
  5267 | D:7      | Reached skill level 10 in Fighting
  5369 | D:7      | Reached skill level 14 in Maces & Flails
  5525 | D:7      | Noticed volk64's ghost (experienced OpWz)
  5534 | D:7      | Killed volk64's ghost
  5534 | D:7      | Reached XP level 10. HP: 85/111 MP: 10/10
  5706 | D:7      | Noticed an ice statue
  6212 | D:8      | Reached skill level 15 in Maces & Flails
  6232 | D:8      | Found a sacrificial altar of Ru.
  6237 | D:8      | Became a worshipper of Ru the Awakened
  6382 | D:8      | Noticed Erica
  6387 | D:8      | Killed Erica
  6573 | D:8      | Noticed Gastronok
  6588 | D:8      | Killed Gastronok
  6588 | D:8      | Reached skill level 16 in Maces & Flails
  6588 | D:8      | Reached XP level 11. HP: 41/124 MP: 11/11
  7160 | D:9      | Reached skill level 17 in Maces & Flails
  7344 | D:9      | Gained mutation: You cannot train Dodging skill. [Ru sacrifice]
  7344 | D:9      | Acquired Ru's first power
  7360 | D:9      | Found a staircase to the Orcish Mines.
  7502 | D:9      | Found an opulent altar of Gozag.
  7506 | D:9      | Found Golyro Gaje's Antique Armour Shop.
  7517 | D:9      | Bought a runed cloak for 103 gold pieces
  7902 | D:10     | Entered Level 10 of the Dungeon
  8356 | D:10     | Found a portal to a secret trove of treasure.
  8472 | D:10     | Found an iron altar of Okawaru.
  8720 | D:11     | Noticed a hill giant
  8727 | D:11     | Killed a hill giant
  8807 | D:11     | Noticed a hill giant
  8819 | D:11     | Killed a hill giant
  8893 | D:11     | Noticed a skeletal warrior
  8893 | D:11     | Noticed a skeletal warrior
  9055 | D:11     | Killed a skeletal warrior
  9055 | D:11     | Reached skill level 18 in Maces & Flails
  9206 | D:11     | Noticed a skeletal warrior
  9214 | D:11     | Killed a skeletal warrior
  9486 | D:11     | Gained mutation: Your casting is slightly disrupted. [Ru sacrifice]
  9699 | D:11     | Noticed a five-headed hydra
  9749 | D:11     | Slain by a five-headed hydra

Vault maps used:
D:1:      minmay_arrival_checkered_box, roderic_lattice_a
D:2:      minmay_fountain_box, grunt_ministairs_8, st_stairs_14,
          hangedman_decor_growths, uniq_sigmund
D:3:      nicolae_dithmenos_through_a_glass_darkly,
          lemuel_zombie_altar_yredelemnul, kennysheep_orc_chapel
D:4:      kiku_gazebo_garden_becter, cheibriados_altar_wand_db,
          minmay_temple_entry_nine_rooms, first_bread
D:5:      lightli_temple_of_fire, lemuel_doored_altar, serial_shops,
          nicolae_shop_overgrown_old_shop, minmay_strange_pillars, uniq_duvessa
D:6:      kennysheep_mini, nicolae_overflow_crystal_walls, portal_sewer_entry_f,
          uniq_blork_the_orc
D:7:      lemuel_ice_statue, nicolae_overflow_hidden_temple, minmay_ruffians
D:8:      nicolae_ru_the_path_less_chosen, grunt_ogre_cave, uniq_erica,
          uniq_gastronok
D:9:      old_standard_altar, orc_0_dummy, serial_shops, kennysheep_mini_moat
D:10:     basic_altar, nicolae_trove_entry_crossroad
D:11:     due_lair_maze_entry_diamond
Temple:   minmay_temple_bridge_c_8
Sewer:    sewer_big_baddie

Action                   |  1- 3 |  4- 6 |  7- 9 | 10-12 || total
-------------------------+-------+-------+-------+-------++-------
Melee: Flail             |    95 |   125 |   103 |       ||   323
       Giant spiked club |       |       |   160 |   337 ||   497
Throw: Stone             |     1 |       |       |       ||     1
       Tomahawk          |       |       |       |     5 ||     5
Invok: Sacrifice Essence |       |       |       |     1 ||     1
       Sacrifice Nimblen |       |       |       |     1 ||     1
Evoke: Deck              |       |       |       |     1 ||     1
  Use: Scroll            |       |     8 |    10 |     5 ||    23
       Potion            |       |     1 |     3 |     1 ||     5
 Stab: Sleeping          |     1 |       |       |       ||     1
  Eat: Chunk             |     1 |     3 |    10 |    16 ||    30
       Meat ration       |       |       |     1 |       ||     1
       Beef jerky        |       |       |       |     2 ||     2
